 Dungeon Crawl Stone Soup version 0.31.0-11-ge490571c62 (webtiles) character file.

Game seed: 4001942580848960746

4 qw the Shooter (level 1, -3/12 HPs)
             Began as a Deep Elf Hunter on Feb 3, 2024.
             Slain by a quokka (4 damage)
             ... on level 1 of the Dungeon.
             The game lasted 00:00:00 (221 turns).

qw the Shooter (Deep Elf Hunter)                     Turns: 221, Time: 00:00:00

Health: -3/12      AC:  3    Str:  8    XL:     1   Next: 50%
Magic:  3/3        EV: 12    Int: 13    God:
Gold:   6          SH:  0    Dex: 18    Spells: 0/0 levels left

rFire   . . .        a - +0 shortbow
rCold   . . .        (shield currently unavailable)
rNeg    . . .        c - +0 leather armour
rPois   .            (no helmet)
rElec   .            (no cloak)
rCorr   .            (no gloves)
SInv    .            (no boots)
Will    .....        (no amulet)
Stlth   ++           (no ring)
HPRegen 0.22/turn    (no ring)
MPRegen 0.08/turn

%: no passive effects
@: no status effects
A: no striking features
a: no special abilities


You were on level 1 of the Dungeon.
You visited 1 branch of the dungeon, and saw 1 of its levels.

You collected 6 gold pieces.


   Skills:
 - Level 1.5 Fighting
 + Level 5.6 Ranged Weapons
 - Level 2.4 Dodging
 - Level 1.2 Stealth


You couldn't memorise any spells.
You didn't know any spells.
Your spell library was empty.

Inventory:

Hand Weapons
 a - a +0 shortbow (weapon)
Armour
 c - a +0 leather armour (worn)
 d - a +0 scale mail
 i - a +0 ring mail
Scrolls
 b - a scroll of butterflies
 e - a scroll of noise {unknown}
 f - a scroll of identify {unknown}
 h - a scroll of teleportation {unknown}
 j - a scroll of immolation {unknown}
Potions
 g - a potion of might {unknown}

Dungeon Overview and Level Annotations

Branches:
Dungeon (1/15)

Altars:

Shops:
D:1 :


Message History

Found a stone staircase leading down.
A quokka comes into view.
You shoot an arrow.
The arrow hits the quokka but does no damage.
You shoot an arrow. The arrow barely misses the quokka.
The quokka twitches its whiskers.
You shoot an arrow.
The arrow hits the quokka but does no damage.
A hobgoblin comes into view.
You shoot an arrow. The arrow misses the quokka.
The hobgoblin shouts!
The quokka bites you but does no damage.
You shoot an arrow. The arrow hits the quokka.
The quokka is moderately wounded.
The quokka closely misses you. The quokka barely misses you.
You shoot an arrow. The arrow completely misses the quokka.
The hobgoblin hits you but does no damage.
A quokka comes into view.
The quokka bites you. The hobgoblin hits you.
You shoot an arrow. The arrow closely misses the quokka.
The quokka barely misses you. The hobgoblin closely misses you.
The quokka closely misses you.
You shoot an arrow. The arrow barely misses the quokka.
The quokka closely misses you. The hobgoblin misses you.
You shoot an arrow. The arrow closely misses the quokka.
The quokka bites you. The hobgoblin barely misses you.
The quokka bites you but does no damage.
You shoot an arrow.
The arrow hits the hobgoblin but does no damage.
The hobgoblin barely misses you.
The quokka bites you but does no damage.
You shoot an arrow. The arrow hits the hobgoblin.
The hobgoblin is lightly wounded.
The hobgoblin barely misses you. The quokka bites you.
The hobgoblin barely misses you.
You shoot an arrow.
The arrow hits the hobgoblin but does no damage.
The hobgoblin is lightly wounded.
The quokka bites you. x2
You die...

#.# #.# #.. #.# #.# #.#
#.# ##.## #.# #...# #.#
#...# #.# #...#### #r#
...%.%.#########@###>##.
.................gr.....
.......##.#########.....
#.........# .###
#...####### .. #...# ##
..... #####


You could see 2 quokkas and a hobgoblin.

Vanquished Creatures
  A ball python (D:1)
  2 hobgoblins (D:1)
3 creatures vanquished.

Notes
Turn   | Place    | Note
-------+----------+-------------------------------------------
     0 | D:1      | qw the Deep Elf Hunter began the quest for the Orb.
     0 | D:1      | Reached XP level 1. HP: 12/12 MP: 3/3
     0 | D:1      | 0 ||| qw: Version: 0.3-a-157-g843a77d
     0 | D:1      | 0 ||| qw: Game counter: 3699
     0 | D:1      | 0 ||| qw: Melee chars always use a shield: true
     0 | D:1      | 0 ||| qw: God list: Okawaru
     0 | D:1      | 0 ||| qw: Allow faded altars: false
     0 | D:1      | 0 ||| qw: Do Orc after clearing Dungeon:15 true
     0 | D:1      | 0 ||| qw: Do second Lair branch before Depths: true
     0 | D:1      | 0 ||| qw: Lair rune preference: random
     0 | D:1      | 0 ||| qw: Goals: Normal
     0 | D:1      | 0 ||| PLANNING D:1-11
    61 | D:1      | Found Bakuwize's Book Emporium.
   221 | D:1      | HP: 1/12 [quokka (3)]
   221 | D:1      | Slain by a quokka

Levels and vault maps discovered:
D:1:      nzn_arrival_depleted_hourglass, layout_loops_ring, serial_shops, shop,
          dreamdust_ecumenical_altar_sealed_demon, minmay_hedge_maze

Action                     || total
---------------------------++-------
   Fire: Shortbow          ||    20
 Armour: Leather armour    ||    14
  Dodge: Dodged            ||    15

Table legend:
 A = Non-vault XP
 B = Vault XP
 C = Vault XP percentage of total XP
 D = Non-vault monster count
 E = Vault monster count
 F = Vault count percentage of total count
                 A         B        C        D         E       F
            +---------+---------+-------+---------+---------+-------
      Total |       6 |       0 |   0.0 |       3 |       0 |   0.0
            +---------+---------+-------+---------+---------+-------
        D:1 |       6 |       0 |   0.0 |       3 |       0 |   0.0
            +---------+---------+-------+---------+---------+-------
